 Dungeon Crawl Stone Soup version 0.29.1-1-gd02db6906a (webtiles) character file.

Game seed: 9368681692818781258

20342 groovy9 the Marksminotaur (level 12, 0/109 HPs)
             Began as a Minotaur Hunter on Sept 15, 2022.
             Was a Priest of Hepliaklqana.
             Slain by an orc
             ... wielding a +0 club
              (5 damage)
             ... on level 2 of the Orcish Mines.
             The game lasted 00:37:48 (11858 turns).

groovy9 the Marksminotaur (Minotaur Hunter)        Turns: 11858, Time: 00:37:49

Health: 0/109      AC:  9    Str: 19    XL:     12   Next: 44%
Magic:  11/11      EV: 21    Int:  6    God:    Hepliaklqana [***...]
Gold:   2293       SH:  0    Dex: 26    Spells: 11/11 levels left

rFire   . . .      SeeInvis +   n - +4 longbow of the Undead {freeze, rN+ Str+4}
rCold   + . .      Faith    .   (shield currently unavailable)
rNeg    + . .      Spirit   .   o - +2 ring mail {rC+}
rPois   .          Reflect  .   k - +1 hat
rElec   .          Harm     .   (no cloak)
rCorr   .          Rampage  .   (no gloves)
Will    .....                   f - +0 pair of boots
Stlth   ++........              r - amulet of the acrobat
HPRegen 0.28/turn               c - ring of see invisible
MPRegen 0.12/turn               y - +6 ring of dexterity

@: no status effects
A: reduced essence, horns 2, retaliatory headbutt
a: Renounce Religion, Recall Ancestor, Ancestor Identity, Transference


You were on level 2 of the Orcish Mines.
You worshipped Hepliaklqana.
Hepliaklqana was most pleased with you.
You visited 3 branches of the dungeon, and saw 13 of its levels.

You collected 2329 gold pieces.
You spent 36 gold pieces at shops.

Inventory:

Hand Weapons
 a - a +1 shortbow of venom
 n - the +4 longbow of the Undead (weapon) {freeze, rN+ Str+4}
   (You found it on level 7 of the Dungeon)

   Any ammunition fired from it freezes those it strikes, dealing additional
   cold damage.
   It can also slow down cold-blooded creatures.
   Str:       It affects your strength (+4).
   rN:        It protects you from negative energy.
Missiles
 e - a throwing net
Armour
 f - a +0 pair of boots (worn)
 k - a +1 hat (worn)
 o - a +2 ring mail of cold resistance (worn)
 x - +0 acid dragon scales
Jewellery
 c - a ring of see invisible (left hand)
 j - a +4 ring of evasion
 q - a ring of resist corrosion
 r - an amulet of the acrobat (around neck)
 y - a +6 ring of dexterity (right hand)
Scrolls
 b - a scroll of immolation
 g - 2 scrolls of enchant armour
 p - a scroll of silence
 t - a scroll of enchant weapon
 v - a scroll of poison
Potions
 d - a potion of curing
 i - a potion of resistance
 s - a potion of might
 u - a potion of brilliance
 w - a potion of flight
 z - a potion of mutation


   Skills:
 + Level 16.0 Fighting
 * Level 16.4 Ranged Weapons
 + Level 11.7 Dodging
 - Level 0.7 Stealth


You had 11 spell levels left.
You didn't know any spells.
Your spell library contained the following spells:

 Spells                   Type           Power      Damage    Failure   Level
 Apportation              Tloc           0%         N/A       65%         1
 Freeze                   Ice            0%         1d3       65%         1
 Shock                    Conj/Air       0%         1d3       65%         1
 Scorch                   Fire           0%         2d5       78%         2
 Conjure Flame            Conj/Fire      0%         6-21      95%         3
 Frozen Ramparts          Ice            0%         1d1       95%         3
 Gell's Gravitas          Tloc           0%         N/A       95%         3
 Ignite Poison            Fire/Tmut/Pois 0%         N/A       95%         3
 Summon Guardian Golem    Hex/Summ       0%         N/A       95%         3
 Swiftness                Air            0%         N/A       95%         3
 Airstrike                Air            0%         2d(0-16)  100%        4
 Animate Armour           Summ/Erth      0%         N/A       100%        4
 Flame Wave               Conj/Fire      0%         2d4       100%        4
 Hailstorm                Conj/Ice       0%         3d3       100%        4
 Sticky Flame             Conj/Fire      0%         2d3       100%        4
 Alistair's Intoxication  Tmut/Pois      0%         N/A       100%        5
 Summon Cactus Giant      Summ           0%         N/A       100%        6


Dungeon Overview and Level Annotations

Branches:
Dungeon (11/15)            Temple (1/1) D:5             Orc (2/2) D:9
   Lair: D:8-11         Elf: Orc:2

Altars:
Ashenzari
Cheibriados
Dithmenos
Elyvilon
Gozag
Hepliaklqana
Kikubaaqudgha
Makhleb
Nemelex Xobeh
Okawaru
Qazlal
Ru
Sif Muna
Trog
Uskayaw
Vehumet
Wu Jian
Xom
Yredelemnul
Zin
The Shining One

Shops:
D:3 *   D:6 *   D:10 =


Innate Abilities, Weirdness & Mutations

Your life essence is reduced to manifest your ancestor. (-10% HP)
You have a pair of horns on your head.
You reflexively headbutt those who attack you in melee.


Message History

Aim: an orc warrior, wielding a +0 dire flail and wearing a +0 plate armour (heavily wounded, 77% to hit)
You shoot an arrow.
The arrow hits the orc warrior but does no damage.
The orc warrior is heavily wounded.
The orc warrior completely misses you. You furiously retaliate!
You headbutt the orc warrior, but do no damage.
Fire: n) +4 longbow of the Undead {freeze, rN+ Str+4}
Press: ? - help, Q - select action, (/) - cycle Shift-Dir - straight line, f/p - orc warrior
Aim: an orc warrior, wielding a +0 dire flail and wearing a +0 plate armour (heavily wounded, 77% to hit)
You shoot an arrow. The arrow hits the orc warrior!!
The arrow freezes the orc warrior.
You kill the orc warrior!
You start resting.
Xiuhtonal emerges from the mists of memory!
You start resting.
HP restored.
Items here: )))))))) [ รท.
There is a stone staircase leading down, spattered with blood here.
Things that are here:
a +0 robe; a +0 dagger You climb downwards.
The two-headed ogre closely misses you. You furiously retaliate!
You headbutt the two-headed ogre.
The two-headed ogre completely misses you.
The orc hits you with a +0 club. The ogre mage casts a spell at you.
The bolt of magma hits Xiuhtonal.
Xiuhtonal partially resists.
The bolt of magma hits you!! The two-headed ogre closely misses you.
The two-headed ogre misses you.
The two-headed ogre hits you with a +0 giant spiked club!!
The two-headed ogre barely misses you. The orc misses you.
There is a stone staircase leading up, spattered with blood here.
The two-headed ogre hits you with a +0 giant spiked club.
The two-headed ogre misses you.
The two-headed ogre hits you with a +0 giant spiked club!!
* * * LOW HITPOINT WARNING * * *
The two-headed ogre barely misses you.
The orc priest casts a cantrip, but nothing happens.
The orc hits you with a +0 club.
You die...

..... ..#...#.#..............
..... ......#.........$....#
........#..#.......#o........
.......#...#................$
........................
...........O............
....#......O............
..$.......OR............
..........o@.))#..#.....
...........OO..........
......................
.........<...........
...................
...................
$..................
#.#.#.#.#.....#..##
############### #


You could see the friendly Xiuhtonal the knight, 4 two-headed ogres, an ogre
mage (ally target), an orc priest and an orc.

Vanquished Creatures
  Rupert (Orc:1)
  Josephine (D:11)
  A hydra (D:7)
  5 two-headed ogres
  Nergalle (D:11)
  Sonja (D:10)
  A skeletal warrior (D:11)
  An orc knight (Orc:1)
  An ugly thing (D:6)
  2 orc sorcerers (Orc:1)
  A deep elf pyromancer (D:7)
  A cyclops (D:6)
  A gargoyle (D:11)
  An unseen horror (D:10)
  4 trolls
  13 yaks
  Eustachio (D:5)
  2 wraiths
  A vampire mosquito (D:11)
  A warg (Orc:1)
  2 water moccasins
  A black bear (D:5)
  7 orc warriors (Orc:1)
  3 ice beasts
  13 ogres
  4 centaurs
  2 phantoms (D:4)
  2 necrophages
  2 kobold brigands
  3 bullfrogs
  4 scorpions
  2 gnoll sergeants
  A wight (D:7)
  6 howler monkeys
  7 hounds
  3 jellies
  3 orc priests
  A gnoll bouda (Orc:1)
  An iguana (D:6)
  11 orc wizards
  10 gnolls
  10 adders
  2 shadow imps
  3 white imps
  4 ufetubi
  2 worms (D:3)
  12 dart slugs
  40 orcs
  5 ball pythons
  5 bats
  6 endoplasms
  6 giant cockroaches
  5 hobgoblins
  4 jackals (D:1)
  A quokka (D:1)
  6 frilled lizards
  7 goblins
  15 kobolds
  4 rats
266 creatures vanquished.

Vanquished Creatures (collateral kills)
  An orc knight (Orc:1)
  A shadow (D:11)
  2 yaks
  2 wraiths (D:10)
  An acid dragon (D:6)
  2 orc warriors
  An ogre (Orc:1)
  A centaur (D:10)
  A kobold brigand (D:10)
  2 howler monkeys
  A quasit (D:6)
  A gnoll bouda (D:9)
  An iguana (D:7)
  2 orc wizards (Orc:1)
  7 gnolls
  A white imp (D:7)
  12 orcs
  3 kobolds
42 creatures vanquished.

Vanquished Creatures (others)
  An ice beast (D:7)
  3 knights
  6 ancestors
  4 demonic plants (D:6)
  A plant (D:4)
  5 toadstools (D:5)
20 creatures vanquished.

Grand Total: 328 creatures vanquished

Notes
Turn   | Place    | Note
-------+----------+-------------------------------------------
     0 | D:1      | groovy9 the Minotaur Hunter began the quest for the Orb.
     0 | D:1      | Reached XP level 1. HP: 18/18 MP: 0/0
   161 | D:1      | Reached XP level 2. HP: 25/25 MP: 1/1
   389 | D:1      | Found a faded altar of an unknown god.
   595 | D:1      | Reached skill level 5 in Ranged Weapons
   595 | D:1      | Reached XP level 3. HP: 31/31 MP: 2/2
  1710 | D:3      | Identified a scroll of acquirement
  1710 | D:3      | Acquired a manual of Fighting
  1744 | D:3      | Reached XP level 4. HP: 38/38 MP: 3/3
  2115 | D:3      | Found Loda Ryb's Assorted Antiques.
  2124 | D:3      | Bought a lumpy pink potion for 18 gold pieces
  2124 | D:3      | Bought a cyan potion for 18 gold pieces
  2736 | D:4      | Reached XP level 5. HP: 42/46 MP: 4/4
  3010 | D:4      | Noticed a phantom
  3016 | D:4      | Killed a phantom
  3017 | D:4      | Reached skill level 5 in Fighting
  3219 | D:4      | Reached XP level 6. HP: 56/56 MP: 5/5
  3441 | D:5      | Entered Level 5 of the Dungeon
  3576 | D:5      | Reached XP level 7. HP: 61/64 MP: 6/6
  3606 | D:5      | Found a staircase to the Ecumenical Temple.
  3622 | Temple   | Entered the Ecumenical Temple
  3667 | Temple   | Became a worshipper of Hepliaklqana the Forgotten
  4020 | D:5      | Reached skill level 5 in Dodging
  4134 | D:5      | Noticed Eustachio
  4155 | D:5      | Killed Eustachio
  4568 | D:5      | Reached XP level 8. HP: 73/74 MP: 7/7
  4871 | D:6      | Reached * piety under Hepliaklqana
  5031 | D:6      | Identified the +1 sling "Tunyim" {flame, rPois Dex+3}
  5039 | D:6      | Found Pistogir's Assorted Antiques.
  5484 | D:7      | Reached skill level 10 in Ranged Weapons
  5487 | D:7      | Noticed a red ugly thing
  5641 | D:7      | Noticed a six-headed hydra
  5703 | D:7      | Noticed a cyclops
  5715 | D:6      | Killed a red ugly thing
  5716 | D:6      | Reached skill level 10 in Fighting
  5716 | D:6      | Reached XP level 9. HP: 29/77 MP: 8/8
  5941 | D:6      | Killed a cyclops
  6054 | D:7      | Noticed a troll
  6075 | D:7      | Killed a troll
  6186 | D:7      | Killed a six-headed hydra
  6325 | D:7      | Reached XP level 10. HP: 62/87 MP: 9/9
  6431 | D:7      | Got Seotro's Collected Works on the Hyperbolic Escort
  6437 | D:7      | Identified the +4 longbow of the Undead {freeze, rN+ Str+4}
  6504 | D:7      | Noticed a deep elf pyromancer
  6614 | D:7      | Killed a deep elf pyromancer
  6832 | D:7      | You fall into a shaft and drop 3 floors!
  6832 | D:10     | Entered Level 10 of the Dungeon
  6852 | D:9      | Reached ** piety under Hepliaklqana
  6854 | D:9      | Remembered your ancestor Xiuhtonal as a knight
  6870 | D:9      | Identified the +9 halberd "Upnom" {pain, rElec rF- rCorr
                  | Str+3}
  7166 | D:9      | Found a staircase to the Orcish Mines.
  7482 | D:10     | Noticed Sonja
  7483 | D:10     | Killed Sonja
  7871 | D:10     | Found a bloodstained altar of Trog.
  7978 | D:10     | Found Qeid's Jewellery Shoppe.
  8024 | D:10     | Reached XP level 11. HP: 96/99 MP: 10/10
  8190 | D:10     | Reached *** piety under Hepliaklqana
  8536 | D:11     | Noticed Josephine
  8544 | D:11     | Killed Josephine
  8951 | D:11     | Noticed Nergalle
  8956 | D:11     | Killed Nergalle
  8957 | D:11     | Reached skill level 10 in Dodging
  9358 | D:11     | Noticed a skeletal warrior
  9379 | D:11     | Killed a skeletal warrior
  9380 | D:11     | Reached skill level 15 in Fighting
  9865 | Orc:1    | Entered Level 1 of the Orcish Mines
  9922 | Orc:1    | Noticed an orc sorcerer
  9929 | Orc:1    | Killed an orc sorcerer
  9930 | Orc:1    | Reached skill level 15 in Ranged Weapons
  9966 | Orc:1    | Noticed an orc sorcerer
  9978 | Orc:1    | Killed an orc sorcerer
 10128 | Orc:2    | Entered Level 2 of the Orcish Mines
 10147 | Orc:2    | Noticed a two-headed ogre
 10169 | Orc:1    | Noticed an orc knight
 10193 | Orc:1    | Killed an orc knight
 10705 | Orc:2    | Noticed a two-headed ogre
 10713 | Orc:1    | Killed a two-headed ogre
 10883 | Orc:2    | Noticed an ettin
 10884 | Orc:2    | Reached XP level 12. HP: 108/108 MP: 11/11
 10924 | Orc:2    | Noticed a two-headed ogre
 10924 | Orc:2    | Noticed a two-headed ogre
 10924 | Orc:2    | Noticed an ogre mage
 10927 | Orc:2    | Killed a two-headed ogre
 10936 | Orc:1    | Killed a two-headed ogre
 11128 | Orc:1    | Killed a two-headed ogre
 11439 | Orc:2    | Noticed Rupert
 11444 | Orc:2    | Noticed a two-headed ogre
 11445 | Orc:2    | Noticed a two-headed ogre
 11450 | Orc:1    | Paralysed by Rupert for 2 turns
 11457 | Orc:1    | Killed Rupert
 11518 | Orc:2    | Noticed a two-headed ogre
 11518 | Orc:2    | Noticed a two-headed ogre
 11518 | Orc:2    | Noticed a two-headed ogre
 11528 | Orc:1    | Killed a two-headed ogre
 11858 | Orc:2    | HP: 5/109 [two-headed ogre/+0 giant spiked club (32)]
 11858 | Orc:2    | Slain by an orc

Illustrated notes

Levels and vault maps discovered:
D:1:      dpeg_arrival_solitude, layout_basic,
          chequers_ecumenical_altar_simple_redux
D:2:      layout_loops_cross, kennysheep_pointless_box
D:3:      layout_basic, serial_shops, shop
D:4:      kennysheep_slugbush, layout_basic, serial_forest,
          infiniplex_forest_clump_double, infiniplex_forest_end_3,
          infiniplex_forest_lined_2, infiniplex_forest_lined_3,
          infiniplex_forest_lined_4_way, infiniplex_forest_clump_double,
          infiniplex_forest_clump_tiny, infiniplex_forest_lined_corner,
          infiniplex_forest_corner_1, saegor_snake_ambush
D:5:      layout_basic, minmay_temple_entry_waves, minmay_gold_behind_fungi,
          uniq_eustachio
D:6:      layout_cave_pools, serial_shops, kennysheep_mini_moat, serial_demonic,
          serial_demonic_e, serial_demonic_c, serial_demonic_a,
          serial_demonic_g, serial_demonic_f, serial_demonic_e,
          patterned_corridor
D:7:      minmay_the_grid_square_5x5_3x3 [minmay_the_grid_square_5x5_v,
          minmay_the_grid_square_5x5_detours,
          minmay_the_grid_square_5x5_n_small, minmay_the_grid_square_5x5_meh,
          minmay_the_grid_square_5x5_megaprize_crossed,
          minmay_the_grid_square_5x5_almost_minimal,
          minmay_the_grid_square_5x5_two_small,
          minmay_the_grid_square_5x5_three,
          minmay_the_grid_square_5x5_gyroscope], layout_basic
D:9:      layout_rooms
D:10:     layout_basic, mainiacjoe_overflow_concentric_impassable,
          minmay_shop_enchanted_jewellery, chequers_serial_rivers_large_a,
          nicolae_straight_to_the_point, uniq_sonja
D:11:     nicolae_cairo_tiling_large_dashed, layout_small_grid,
          kennysheep_generic_room_5, uniq_josephine, uniq_nergalle
Temple:   nicolae_temple_bog_church
Orc:1:    layout_caves
Orc:2:    st_orc_ogre_mass, layout_caves, uniq_rupert

Skill      XL: |  1  2  3  4  5  6  7  8  9 10 11 12 |
---------------+-------------------------------------+-----
Fighting       | 3 4 5 6 7 10 12 14 15 16 | 16.0
Ranged Weapons | 5 6 7 8 10 11 13 15 16 | 16.4
Dodging        | 3 4 5 7 8 9 11 | 11.7
Stealth        | |  0.7

Action                   |  1- 3 |  4- 6 |  7- 9 | 10-12 || total
-------------------------+-------+-------+-------+-------++-------
Melee: Longbow           |       |       |       |     1 ||     1
 Fire: Shortbow          |    95 |   132 |   231 |       ||   458
       Longbow           |       |       |       |   353 ||   353
Invok: Recall Ancestor   |       |       |       |    10 ||    10
       Ancestor Life: Kn |       |       |       |     1 ||     1
  Use: Scroll            |     7 |     5 |     3 |    10 ||    25
       Potion            |       |       |    14 |     7 ||    21
Armor: Leather armour    |     6 |    11 |     6 |       ||    23
       Acid dragon scale |       |       |    11 |       ||    11
       Skin              |       |       |    57 |    32 ||    89
       Ring mail         |       |       |       |    19 ||    19
Dodge: Dodged            |    20 |    61 |    76 |   170 ||   327
